 Dungeon Crawl Stone Soup version 0.29.1-15-g9cfb28693d (webtiles) character file.

Game seed: 17233896826969071683

141 MacCMillion the Chiller (level 5, 37/37 HPs)
             Began as a Gnoll Ice Elementalist on Feb 24, 2023.
             Quit the game on level 3 of the Dungeon on Feb 27, 2023.
             The game lasted 00:04:39 (2485 turns).

MacCMillion the Chiller (Gnoll Ice Elementalist)    Turns: 2485, Time: 00:04:39

Health: 37/37      AC:  3    Str:  8    XL:     5   Next: 24%
Magic:  12/12      EV: 17    Int: 16    God:
Gold:   240        SH:  0    Dex: 12    Spells: 7/14 levels left

rFire   . . .      SeeInvis .   i - +0 dagger
rCold   . . .      Faith    .   (no shield)
rNeg    . . .      Spirit   .   a - +0 robe
rPois   .          Reflect  .   (no helmet)
rElec   .          Harm     .   (no cloak)
rCorr   .          Rampage  .   k - +0 pair of gloves
Will    .....                   (no boots)
Stlth   +++.......              (no amulet)
HPRegen 0.12/turn               t - +4 ring of evasion
MPRegen 0.13/turn               (no ring)

@: no status effects
A: fangs 1, strong nose, distributed training
a: no special abilities


You were on level 3 of the Dungeon.
You visited 1 branch of the dungeon, and saw 3 of its levels.

You collected 240 gold pieces.

Inventory:

Hand Weapons
 e - a +0 club
 i - a +0 dagger (weapon)
 v - the +5 dagger "Zahub" {antimagic, Int+6}
   (You found it on level 3 of the Dungeon)

   It reduces the magical energy of the wielder, and disrupts the spells and
   magical abilities of those it strikes.
   Natural abilities and divine invocations are not affected.
   Int:       It affects your intelligence (+6).
Missiles
 c - 2 javelins
Armour
 a - a +0 robe (worn)
 k - a +0 pair of gloves (worn)
Jewellery
 t - a +4 ring of evasion (left hand)
Scrolls
 d - 2 scrolls of amnesia {unknown}
 l - 4 scrolls of identify {unknown}
 m - 2 scrolls of blinking {unknown}
 n - a scroll of acquirement {unknown}
 p - 2 scrolls of enchant armour {unknown}
 s - a scroll of brand weapon {unknown}
 u - a scroll of immolation {unknown}
 w - a scroll of vulnerability {unknown}
Potions
 b - a potion of magic
 f - a potion of berserk rage {unknown}
 g - 2 potions of lignification {unknown}
 h - a potion of brilliance {unknown}
 j - a potion of cancellation {unknown}
 o - a potion of curing {unknown}
 q - a potion of degeneration {unknown}
 r - a potion of might {unknown}


   Skills:
 + Level 1.4 Fighting
 + Level 1.4 Short Blades
 + Level 1.4 Long Blades
 + Level 1.4 Axes
 + Level 1.4 Maces & Flails
 + Level 1.4 Polearms
 + Level 1.4 Staves
 + Level 1.4 Ranged Weapons
 + Level 1.4 Throwing
 + Level 1.4 Armour
 + Level 4.8 Dodging
 + Level 4.4 Stealth
 + Level 1.4 Shields
 + Level 1.4 Unarmed Combat
 + Level 5.2 Spellcasting
 + Level 1.1 Conjurations
 + Level 1.1 Hexes
 + Level 1.1 Summonings
 + Level 1.1 Necromancy
 + Level 1.1 Translocations
 + Level 1.1 Transmutations
 + Level 1.1 Fire Magic
 + Level 7.2 Ice Magic
 + Level 1.1 Air Magic
 + Level 1.1 Earth Magic
 + Level 1.1 Poison Magic
 + Level 1.6 Invocations
 + Level 1.4 Evocations


You had 7 spell levels left.
You knew the following spells:

 Your Spells              Type           Power      Damage    Failure   Level
a - Freeze                Ice            100%       1d11      1%          1
b - Frozen Ramparts       Ice            54%        1d9       2%          3
c - Ozocubu's Armour      Ice            27%        N/A       2%          3

Your spell library contained the following spells:

 Spells                   Type           Power      Damage    Failure   Level
 Hailstorm                Conj/Ice       17%        3d6       26%         4
 Dazzling Flash           Conj/Hex       14%        N/A       28%         3
 Agony                    Necr           7%         N/A       95%         5
 Silence                  Hex/Air        3%         N/A       95%         5


Dungeon Overview and Level Annotations

Branches:
Dungeon (3/15)

Altars:


Innate Abilities, Weirdness & Mutations

You have very sharp teeth.
Your uncanny sense of smell can sniff out nearby items.
Your experience applies equally to all skills.


Message History

Found a leather armour, a scroll labelled QUTSUC HINWIPP and 8 stones.
The orc shouts!
Casting: Freeze (safe; 1% risk of failure)
Confirm with . or Enter, or press ? or * to list all spells.
Casting: Frozen Ramparts (dangerous; 2% risk of failure)
Press: ? - help, Dir - look around, f - activate The walls around you are covered in ice.
The wall freezes the hobgoblin.
You closely miss the hobgoblin.
The hobgoblin is heavily wounded.
The wall freezes the orc but does no damage.
The wall freezes the hobgoblin.
The hobgoblin misses you.
You barely miss the hobgoblin. Your bite misses the hobgoblin.
The hobgoblin is severely wounded.
The wall freezes the orc.
The wall freezes the hobgoblin!
You kill the hobgoblin!
Aiming: Freeze (safe; 1% risk of failure)
Press: ? - help, Q - select action, (/) - cycle Shift-Dir - straight line, f - orc
Aim: an orc, wielding a +0 club and wearing a +0 ring mail of fire resistance (moderately wounded)
You freeze the orc!
You kill the orc!
The wall freezes the endoplasm.
The endoplasm barely misses you.
Unknown command.
You hit the endoplasm.
You kill the endoplasm!
You start resting.
The frozen ramparts melt away.
You start resting.
Magic restored.
Things that are here:
a +0 club; a +0 ring mail of fire resistance
m - 2 scrolls labelled LEASAS RUD (gained 1)
l - 4 scrolls labelled QUTSUC HINWIPP (gained 1)
A dart slug comes into view.
There is a stone staircase leading up here.
Saving game... please wait.
Options error: Bad fail_severity_to_confirm: 10 should be <= 5 (~/.crawlrc:90) Welcome back, MacCMillion the Gnoll Ice Elementalist.
Press ? for a list of commands and other information.
Are you sure you want to abandon this character and quit the game? (Confirm with "yes".)

#[........# #.........#
#.........# #.........#
## #.....[...#####.###
#.................. ##
########........... .#
#..........(
.############...@.......
........................
.......................g
........................
........................
..)......[..............
........................
..#########............#
.)#... #......w...


You could see a hobgoblin (asleep).

Vanquished Creatures
  An orc priest (D:3)
  3 adders
  2 dart slugs (D:1)
  6 orcs (D:3)
  10 bats
  5 endoplasms
  A giant cockroach (D:2)
  14 goblins
  11 hobgoblins
  3 kobolds
  A quokka (D:1)
  A ball python (D:2)
  2 frilled lizards (D:2)
  5 rats
65 creatures vanquished.

Notes
Turn   | Place    | Note
-------+----------+-------------------------------------------
     0 | D:1      | MacCMillion the Gnoll Ice Elementalist began the quest for
                  | the Orb.
     0 | D:1      | Reached XP level 1. HP: 13/13 MP: 6/6
   414 | D:1      | Reached XP level 2. HP: 19/19 MP: 5/7
   999 | D:2      | Reached skill level 5 in Spellcasting
   999 | D:2      | Reached XP level 3. HP: 25/25 MP: 4/9
  1149 | D:2      | Learned a level 3 spell: Frozen Ramparts
  1153 | D:2      | Learned a level 3 spell: Ozocubu's Armour
  1226 | D:2      | Reached skill level 1 in Invocations
  1485 | D:2      | Reached skill level 1 in Fighting
  1485 | D:2      | Reached skill level 1 in Short Blades
  1485 | D:2      | Reached skill level 1 in Long Blades
  1485 | D:2      | Reached skill level 1 in Axes
  1485 | D:2      | Reached skill level 1 in Maces & Flails
  1485 | D:2      | Reached skill level 1 in Polearms
  1485 | D:2      | Reached skill level 1 in Staves
  1485 | D:2      | Reached skill level 1 in Ranged Weapons
  1485 | D:2      | Reached skill level 1 in Throwing
  1485 | D:2      | Reached skill level 1 in Armour
  1485 | D:2      | Reached skill level 1 in Shields
  1485 | D:2      | Reached skill level 1 in Unarmed Combat
  1485 | D:2      | Reached skill level 1 in Evocations
  1494 | D:2      | Reached XP level 4. HP: 27/32 MP: 4/11
  1838 | D:2      | Reached skill level 1 in Conjurations
  1838 | D:2      | Reached skill level 1 in Hexes
  1838 | D:2      | Reached skill level 1 in Summonings
  1838 | D:2      | Reached skill level 1 in Necromancy
  1838 | D:2      | Reached skill level 1 in Translocations
  1838 | D:2      | Reached skill level 1 in Transmutations
  1838 | D:2      | Reached skill level 1 in Fire Magic
  1838 | D:2      | Reached skill level 1 in Air Magic
  1838 | D:2      | Reached skill level 1 in Earth Magic
  1838 | D:2      | Reached skill level 1 in Poison Magic
  1864 | D:2      | Found a faded altar of an unknown god.
  2109 | D:3      | Identified the +5 dagger "Zahub" {antimagic, Int+6}
  2194 | D:3      | Reached XP level 5. HP: 14/37 MP: 5/12
  2485 | D:3      | Quit the game

Illustrated notes

Levels and vault maps discovered:
D:1:      minmay_arrival_stone_box, layout_loops_ring
D:2:      cheibrodos_greedy_goblins, layout_basic, basic_ecumenical_altar
D:3:      minmay_roachtagon, layout_basic, mainiacjoe_overflow_paths

Skill      XL: |  1  2  3  4 |
---------------+-------------+-----
Spellcasting   | 5 |  5.2
Invocations    | 1 |  1.6
Fighting       | 1 |  1.4
Short Blades   | 1 |  1.4
Long Blades    | 1 |  1.4
Axes           | 1 |  1.4
Maces & Flails | 1 |  1.4
Polearms       | 1 |  1.4
Staves         | 1 |  1.4
Ranged Weapons | 1 |  1.4
Throwing       | 1 |  1.4
Armour         | 1 |  1.4
Shields        | 1 |  1.4
Unarmed Combat | 1 |  1.4
Evocations     | 1 |  1.4
Conjurations   | 1 |  1.1
Hexes          | 1 |  1.1
Summonings     | 1 |  1.1
Necromancy     | 1 |  1.1
Translocations | 1 |  1.1
Transmutations | 1 |  1.1
Fire Magic     | 1 |  1.1
Air Magic      | 1 |  1.1
Earth Magic    | 1 |  1.1
Poison Magic   | 1 |  1.1
Dodging        | |  4.8
Stealth        | |  4.4
Ice Magic      | |  7.2

Action                   |  1- 3 |  4- 6 || total
-------------------------+-------+-------++-------
Melee: Dagger            |    22 |     8 ||    30
 Cast: Freeze            |    28 |    18 ||    46
       Frozen Ramparts   |     3 |     3 ||     6
 Stab: Sleeping          |    11 |     1 ||    12
Armor: Robe              |    10 |       ||    10
Dodge: Dodged            |    34 |    12 ||    46
